 Dungeon Crawl Stone Soup version 0.25-a0-589-g1e14c549ee (webtiles) character file.

Game seed: 15022537930013083025, levelgen mode: deterministic

69827 Lentor the Blocker (level 14, -1/114 HPs)
             Began as a Demonspawn Fighter on Mar 10, 2020.
             Was the Champion of Qazlal.
             Slain by an orc warlord
             ... wielding a +0 war axe
              (18 damage)
             ... while paralysed by an orc sorcerer
             ... on level 2 of the Orcish Mines.
             The game lasted 01:29:19 (21279 turns).

Lentor the Blocker (Demonspawn Fighter)            Turns: 21279, Time: 01:29:20

Health: -1/114     AC: 26    Str: 21    XL:     14   Next: 91%
Magic:  10/16      EV:  2    Int: 13    God:    Qazlal [******]
Gold:   3704       SH:  0    Dex: 12    Spells: 13/13 levels left

rFire    . . .     SeeInvis +   K - +3 demon whip (venom)
rCold    + + .     Gourm    .   c - +1 kite shield
rNeg     . . .     Faith    .   P - +4 ring mail of Imisexzu {rPois MR- Regen+ rCorr}
rPois    +         Spirit   .   S - +1 hat {SInv}
rElec    .         Reflect  +   (no cloak)
rCorr    +         Harm     .   J - +0 pair of gloves
MR       .....                  (no boots)
Stlth    +.........             U - +2 amulet of reflection
HPRegen  3.69/turn              A - ring "Azipach" {rC+ AC+1 Int+2}
MPRegen  0.15/turn              Y - +5 ring of protection

@: paralysed, protected from physical damage, very slightly contaminated,
hasted, lightly drained, invisible, repel missiles
A: hooves 1, yellow scales 3, cold resistance 1, nightstalker 1, powered by
death 2
a: Upheaval, Elemental Force, Disaster Area, Renounce Religion


You were on level 2 of the Orcish Mines.
You worshipped Qazlal.
Qazlal was exalted by your worship.
You were not hungry.

You visited 4 branches of the dungeon, and saw 22 of its levels.
You also visited: Sewer and Bailey.

You collected 3891 gold pieces.
You spent 187 gold pieces at shops.

Inventory:

Hand Weapons
 z - a +4 whip of electrocution
 C - a cursed +5 morningstar
 H - a +3 whip
 K - a +3 demon whip of venom (weapon)
Missiles
 s - 128 poisoned darts (quivered)
Armour
 c - a +1 kite shield (worn)
 k - a +6 scale mail of magic resistance
 x - a +0 tower shield
 J - a +0 pair of gloves (worn)
 P - the +4 ring mail of Imisexzu (worn) {rPois MR- Regen+ rCorr}
   (You found it on level 1 of the Lair of Beasts)

   It protects you from poison.
   It affects your resistance to hostile enchantments.
   It increases your rate of regeneration.
   It provides partial protection from all sources of acid and corrosion.
 S - a +1 hat of see invisible (worn)
Jewellery
 a - an uncursed ring of ice
 g - an uncursed ring of fire
 o - an uncursed ring of flight
 y - an uncursed amulet of rage
 A - the ring "Azipach" (left hand) {rC+ AC+1 Int+2}
   (You found it on level 6 of the Dungeon)

   [ring of protection]

   It affects your AC (+1).
   It affects your intelligence (+2).
   It protects you from cold.
 D - an uncursed ring of protection from fire
 M - an uncursed ring of poison resistance
 U - a +2 amulet of reflection (around neck)
 W - a cursed -3 ring of protection
 Y - a +5 ring of protection (right hand)
Wands
 t - a wand of flame (51)
 v - a wand of iceblast (40)
 F - a wand of paralysis (17)
 I - a wand of digging (3)
 L - a wand of random effects (18)
 N - a wand of polymorph (9)
 Q - a wand of clouds (1)
Scrolls
 h - 3 scrolls of identify
 i - a scroll of magic mapping
 j - 7 scrolls of amnesia
 m - 10 scrolls of teleportation
 p - 7 scrolls of remove curse
 u - 4 scrolls of blinking
 w - 5 scrolls of fog
 O - 3 scrolls of fear
 X - a scroll of acquirement
Potions
 b - 2 potions of haste
 d - 5 potions of cancellation
 e - a potion of magic
 l - 4 potions of heal wounds
 n - 9 potions of curing
 r - 4 potions of flight
 B - 2 potions of brilliance
 E - 2 potions of lignification
 G - a potion of resistance
 R - 2 potions of berserk rage
 T - a potion of stabbing
 V - a potion of might
Comestibles
 f - 33 rations


   Skills:
 + Level 11.7(11.1) Fighting
 + Level 12.6(12.0) Maces & Flails
 + Level 0.1(0.0) Throwing
 + Level 9.0(8.4) Armour
 + Level 7.9(7.4) Dodging
 + Level 14.1(13.5) Shields
 + Level 3.0(2.5) Invocations
 + Level 1.1(0.7) Evocations


You had 13 spell levels left.
You didn't know any spells.
Your spell library contained the following spells:

 Spells                   Type           Power        Failure   Level  Hunger
 Animate Skeleton         Necr           N/A          50%         1    ##.....
 Beastly Appendage        Tmut           #.....       50%         1    ##.....
 Infusion                 Chrm           #...         50%         1    ##.....
 Magic Dart               Conj           #...         50%         1    ##.....
 Pain                     Necr           #...         50%         1    ##.....
 Blink                    Tloc           N/A          65%         2    ###....
 Call Imp                 Summ           #.......     65%         2    ###....
 Shroud of Golubria       Chrm/Tloc      #.....       65%         2    ###....
 Slow                     Hex            #.......     65%         2    ###....
 Song of Slaying          Chrm           #.......     65%         2    ###....
 Sticks to Snakes         Tmut           #.......     65%         2    ###....
 Conjure Flame            Conj/Fire      #.......     86%         3    ####...
 Mephitic Cloud           Conj/Pois/Air  #.......     86%         3    ####...
 Ozocubu's Armour         Chrm/Ice       #.......     86%         3    ####...
 Spectral Weapon          Hex/Chrm       #.......     86%         3    ####...
 Spider Form              Tmut/Pois      #.........   86%         3    ####...
 Vampiric Draining        Necr           #.........   86%         3    ####...
 Animate Dead             Necr           N/A          99%         4    #####..
 Ice Form                 Ice/Tmut       #.......     99%         4    #####..
 Agony                    Necr           #.......     100%        5    ######.
 Blade Hands              Tmut           #.........   100%        5    ######.


Dungeon Overview and Level Annotations

Branches:
Dungeon (13/15)            Temple (1/1) D:5            Lair (6/6) D:11
 Shoals (0/4) Lair:4        Snake (0/4) Lair:4        Slime (0/5) Lair:5
    Orc (2/2) D:12          Sewer (visited)          Bailey (visited)
    Elf: Orc:2       Vaults: D:13-14

Altars:
Ashenzari
Cheibriados
Dithmenos
Elyvilon
Fedhas
Gozag
Hepliaklqana
Kikubaaqudgha
Makhleb
Nemelex Xobeh
Okawaru
Qazlal
Ru
Sif Muna
Trog
Uskayaw
Vehumet
Wu Jian
Xom
Yredelemnul
Zin
The Shining One

Shops:
D:5 :   D:12 *

Annotations:
D:13 Jorgrun
Orc:2 Blork the orc


Innate Abilities, Weirdness & Mutations

You have large cloven feet.
You are completely covered in yellow scales. (AC +4, rCorr)
Your flesh is cold resistant. (rC+)
You are slightly more attuned to the shadows.
You regenerate health from kills.


Message History

You catch the helpless orc warlord completely off-guard!
You hit the orc warlord.
The orc warlord looks as sick as possible!
The orc warlord is heavily wounded.
The orc sorcerer points at you and mumbles some strange words.
You suddenly lose the ability to move!
The orc warrior is engulfed in blazing flames.
You kill the orc warrior!
Qazlal accepts your kill.
Your base Invocations skill increases to level 3!
The orc warlord hits you with a +0 war axe!
Blork the orc hits you but does no damage.
The orc knight hits you with a +1 great sword!!
* * * LOW HITPOINT WARNING * * *
The ogre mage hits you but does no damage.
The orc sorcerer hits you but does no damage.
Blork the orc hits you with a +0 hand axe.
* * * LOW HITPOINT WARNING * * *
The orc warlord hits you with a +0 war axe!!
You die...

#.......... #...#..
##........ ###.....
##........####.......
..###...........##......(
........§§.............#..
#.........§............##..
#.......°.OO.##........##..
.......Oooo#.#........##..
#....Ooo@#####......####.
#...oO### #.##....# ##
##.o..# ###.##### #.
##...## #..# ... #.))#.##
##.# ##.. ##)))..# ### ....
#))).## .... #)....# ..
#))...#


You could see an orc warlord, an orc knight, 3 two-headed ogres, an ogre mage,
an orc sorcerer, Blork the orc (invisible), an orc warrior, an ogre and 2 orc
priests.

Vanquished Creatures
  Gastronok (Lair:3)
  The ghost of Oki the Brawler, a journeyman TrMo of Wu Jian (Lair:1)
  Nessos (Lair:5)
  The ghost of kroki the Earth Mage, a journeyman GrEE of Vehumet (Lair:6)
  Harold (D:8)
  8 hydras
  3 catoblepae (Lair:6)
  2 tengu warriors (D:13)
  7 death yaks (Lair:6)
  A two-headed ogre (D:13)
  An orc high priest (Orc:2)
  3 skeletal warriors (D:13)
  A wizard (D:12)
  Pikel (D:6)
  3 orc knights
  3 ugly things
  6 elephants (Lair:5)
  2 orc sorcerers (Orc:2)
  3 manticores
  A moth of wrath (Lair:6)
  A black mamba (Lair:2)
  A gargoyle (D:10)
  4 rime drakes
  9 spiny frogs
  A kobold demonologist (D:13)
  6 komodo dragons
  4 polar bears
  7 trolls
  A queen bee (D:8)
  11 blink frogs
  4 hornets
  6 dream sheep (Lair:4)
  15 hippogriffs
  8 spriggans
  4 wyverns
  3 basilisks
  61 yaks
  Eustachio (D:4)
  A hungry ghost (D:12)
  5 wargs
  A naga (Lair:4)
  8 water moccasins
  26 orc warriors
  7 porcupines
  2 sky beasts (D:9)
  An ice beast (D:12)
  A black bear (D:7)
  A phantom (D:6)
  A slave (D:6)
  7 wolves
  15 ogres
  11 centaurs
  9 crocodiles
  3 big kobolds
  9 bullfrogs
  2 scorpions
  37 killer bees
  2 howler monkeys
  12 wights
  2 electric eels (Lair:4)
  9 crimson imps
  A bullfrog zombie (D:9)
  3 centaur zombies
  2 quasits
  18 orc priests
  3 centaur skeletons
  7 hounds
  5 jellies
  2 bullfrog skeletons
  5 iguanas
  18 orc wizards
  4 worker ants
  A hound zombie (D:6)
  A hound skeleton (D:4)
  A howler monkey zombie (D:5)
  3 worker ant zombies
  13 gnolls
  13 adders
  A river rat (Sewer)
  A shadow imp (D:12)
  2 oozes
  5 worms
  3 dart slugs
  3 leopard geckos
  70 orcs
  9 giant cockroaches
  9 goblins
  6 hobgoblins
  8 jackals
  33 kobolds
  5 quokkas
  A ball python (D:4)
  4 bats
  5 frilled lizards
  A jackal skeleton (D:4)
  A leopard gecko skeleton (D:8)
  11 rats
  A fungus (Lair:6)
648 creatures vanquished.

Vanquished Creatures (collateral kills)
  2 yaks (Lair:6)
2 creatures vanquished.

Vanquished Creatures (others)
  A spriggan (Lair:6)
  A bullfrog (D:6)
  An orc (Orc:2)
  12 fungi
  14 plants
29 creatures vanquished.

Grand Total: 679 creatures vanquished

Notes
Turn   | Place    | Note
-------+----------+-------------------------------------------
     0 | D:1      | Lentor the Demonspawn Fighter began the quest for the Orb.
     0 | D:1      | Reached XP level 1. HP: 18/18 MP: 1/1
   114 | D:1      | Reached skill level 3 in Shields
   124 | D:1      | Gained mutation: You are partially covered in yellow
                  | scales. (AC +2) [demonic ancestry]
   124 | D:1      | Reached XP level 2. HP: 13/24 MP: 2/2
   655 | D:1      | Gained mutation: You are mostly covered in yellow scales.
                  | (AC +3) [demonic ancestry]
   655 | D:1      | Reached XP level 3. HP: 29/29 MP: 3/3
  2305 | D:3      | Gained mutation: You regenerate a little health from kills.
                  | [demonic ancestry]
  2305 | D:3      | Reached XP level 4. HP: 35/35 MP: 4/4
  2308 | D:3      | Found a burning altar of Makhleb.
  3177 | D:4      | Noticed an ogre
  3203 | D:4      | Found a glowing drain.
  3227 | D:4      | Gained mutation: You are completely covered in yellow
                  | scales. (AC +4, rCorr) [demonic ancestry]
  3227 | D:4      | Reached XP level 5. HP: 31/41 MP: 5/5
  3238 | Sewer    | Entered a sewer
  3440 | Sewer    | Found a white marble altar of Elyvilon.
  3507 | D:4      | Killed an ogre
  3507 | D:4      | Reached skill level 1 in Dodging
  3507 | D:4      | Gained mutation: You have large cloven feet. [demonic
                  | ancestry]
  3507 | D:4      | Reached XP level 6. HP: 47/47 MP: 6/6
  3597 | D:4      | Reached skill level 5 in Maces & Flails
  3603 | D:4      | Noticed Eustachio
  3610 | D:4      | Reached XP level 7. HP: 40/52 MP: 7/7
  3621 | D:4      | Killed Eustachio
  3621 | D:4      | Reached skill level 4 in Shields
  4089 | D:5      | Entered Level 5 of the Dungeon
  4466 | D:5      | Reached XP level 8. HP: 35/60 MP: 8/8
  4696 | D:5      | Found a staircase to the Ecumenical Temple.
  4707 | Temple   | Entered the Ecumenical Temple
  4822 | Temple   | Became a worshipper of Qazlal Stormbringer
  4915 | D:5      | Found a blossoming altar of Fedhas.
  5121 | D:5      | Found Coval's Book Emporium.
  5325 | D:6      | Noticed Pikel
  5339 | D:6      | Killed Pikel
  5539 | D:6      | Gained mutation: You regenerate health from kills. [demonic
                  | ancestry]
  5539 | D:6      | Reached XP level 9. HP: 53/66 MP: 9/9
  5788 | D:6      | Got a serpentine marble ring
  5789 | D:6      | Identified the ring "Azipach" {rC+ AC+1 Int+2} (You found
                  | it on level 6 of the Dungeon)
  6427 | D:6      | Reached skill level 5 in Shields
  6453 | D:7      | Reached * piety under Qazlal
  6709 | D:7      | Reached skill level 5 in Fighting
  6799 | D:7      | You fall into a shaft and drop 1 floor!
  6812 | D:8      | Noticed a queen bee
  6828 | D:8      | Killed a queen bee
  6828 | D:8      | Reached skill level 5 in Armour
  7050 | D:8      | Reached skill level 6 in Shields
  7390 | D:8      | Reached skill level 10 in Maces & Flails
  7390 | D:8      | Reached XP level 10. HP: 60/74 MP: 10/10
  7689 | D:8      | Noticed Harold
  7710 | D:8      | Killed Harold
  8305 | D:8      | Reached ** piety under Qazlal
  8559 | D:9      | Reached skill level 7 in Shields
  9166 | D:9      | Gained mutation: You are slightly more attuned to the
                  | shadows. [demonic ancestry]
  9166 | D:9      | Reached XP level 11. HP: 71/81 MP: 11/11
  9323 | D:10     | Entered Level 10 of the Dungeon
  9543 | D:10     | Reached *** piety under Qazlal
  9833 | D:10     | Reached skill level 8 in Shields
 10184 | D:10     | Reached **** piety under Qazlal
 10989 | D:11     | Noticed a cyan ugly thing
 11038 | D:11     | Killed a cyan ugly thing
 11059 | D:11     | Found a flagged portal.
 11070 | Bailey   | Entered a bailey
 11077 | Bailey   | Noticed an orc knight
 11205 | Bailey   | Killed an orc knight
 11639 | D:11     | Reached ***** piety under Qazlal
 11792 | D:11     | Reached skill level 9 in Shields
 11801 | D:11     | Reached skill level 1 in Evocations
 11834 | D:11     | Identified a scroll of acquirement
 11834 | D:11     | Identified a +0 pair of boots of running (You acquired it
                  | on level 11 of the Dungeon)
 11965 | D:11     | You fall into a shaft and drop 1 floor!
 12086 | D:11     | Found a staircase to the Lair.
 12127 | D:11     | Reached XP level 12. HP: 88/89 MP: 12/12
 12807 | D:12     | Reached skill level 10 in Shields
 12810 | D:12     | Found Gouwo's General Store.
 12829 | D:12     | Bought a potion of heal wounds for 75 gold pieces
 12829 | D:12     | Bought a scroll of enchant armour for 112 gold pieces
 12912 | D:12     | Found a staircase to the Orcish Mines.
 13178 | D:13     | Noticed a two-headed ogre
 13348 | D:13     | Killed a two-headed ogre
 13639 | D:13     | Noticed a tengu warrior
 13647 | D:13     | Noticed a tengu warrior
 13665 | D:13     | Killed a tengu warrior
 13665 | D:13     | Reached skill level 5 in Dodging
 13676 | D:13     | Killed a tengu warrior
 13697 | D:13     | Noticed a death knight
 13707 | D:13     | Noticed Jorgrun
 13765 | Lair:1   | Entered Level 1 of the Lair of Beasts
 13772 | Lair:1   | Noticed a six-headed hydra
 13794 | D:11     | Killed a six-headed hydra
 13794 | D:11     | Reached skill level 11 in Shields
 13850 | Lair:1   | Noticed a four-headed hydra
 13856 | Lair:1   | Killed a four-headed hydra
 13901 | Lair:1   | Found a runed translucent door.
 13902 | Lair:1   | Noticed Oki's ghost (journeyman TrMo)
 13907 | Lair:1   | Identified the +9 trident "Lubbulev" {vamp, rPois rF+++
                  | MP-9 Str-2}
 14258 | Lair:1   | Got a black opal-encrusted ring mail
 14259 | Lair:1   | Identified the +4 ring mail of Imisexzu {rPois MR- Regen+
                  | rCorr} (You found it on level 1 of the Lair of Beasts)
 14682 | Lair:1   | Killed Oki's ghost
 14682 | Lair:1   | Gained mutation: Your flesh is cold resistant. (rC+)
                  | [demonic ancestry]
 14682 | Lair:1   | Reached XP level 13. HP: 57/101 MP: 8/13
 14913 | Lair:2   | Reached skill level 1 in Invocations
 16006 | Lair:3   | Noticed Gastronok
 16103 | Lair:3   | Found a basalt altar of Yredelemnul.
 16145 | Lair:3   | Reached skill level 12 in Shields
 16191 | Lair:3   | Killed Gastronok
 16191 | Lair:3   | Reached skill level 10 in Fighting
 16725 | Lair:4   | Found a staircase to the Snake Pit.
 16966 | Lair:4   | Found a staircase to the Shoals.
 17242 | Lair:4   | Identified the +7 mace of Noju {drain, *Drain +Blink rPois
                  | Stlth+} (You acquired it on level 4 of the Lair of Beasts)
 17582 | Lair:5   | Noticed Nessos
 17852 | Lair:5   | Killed Nessos
 17958 | Lair:5   | Found a stormy altar of Qazlal.
 18200 | Lair:5   | Reached XP level 14. HP: 111/111 MP: 15/15
 18312 | Lair:5   | Reached skill level 13 in Shields
 18555 | Lair:5   | Found a staircase to the Slime Pits.
 18847 | Lair:6   | Entered Level 6 of the Lair of Beasts
 18847 | Lair:6   | Found a transporter.
 18853 | Lair:6   | Noticed kroki's ghost (journeyman GrEE)
 18871 | Lair:6   | Identified the +5 trident of the Philosopher {vamp, Str+3}
 18872 | Lair:6   | Identified the +1 trident of an ice cave {antimagic, MP+9
                  | Int+3 Dex-5}
 19068 | Lair:6   | Found a transporter.
 19085 | Lair:6   | Found a bloodstained altar of Trog.
 19153 | Lair:6   | Killed kroki's ghost
 19302 | Lair:6   | Reached ****** piety under Qazlal
 20654 | Orc:1    | Entered Level 1 of the Orcish Mines
 20706 | Orc:1    | Reached skill level 14 in Shields
 20858 | Orc:2    | Entered Level 2 of the Orcish Mines
 21235 | Orc:2    | Paralysed by an orc sorcerer for 2 turns
 21236 | Orc:2    | Noticed Blork the orc
 21236 | Orc:2    | Noticed an orc warlord
 21252 | Orc:2    | Paralysed by an orc sorcerer for 7 turns
 21277 | Orc:2    | Paralysed by an orc sorcerer for 4 turns
 21279 | Orc:2    | Slain by an orc warlord

Levels and vault maps discovered:
D:1:      minmay_arrival_glassed_features, layout_loops_corners, serial_forest,
          infiniplex_forest_lined_3, infiniplex_forest_clump_tiny,
          infiniplex_forest_straight_2, infiniplex_forest_end_1,
          infiniplex_forest_clump_long, infiniplex_forest_clump_C,
          infiniplex_forest_clump_diagonal, minivault_25,
          minmay_misc_feat_encased, minmay_domino_2
D:2:      layout_basic, first_ration
D:3:      layout_basic, nicolae_overflow_crystal_walls
D:4:      layout_cave_pools, gup_sewer_entry_glass, uniq_eustachio
D:5:      layout_cave_pools, minmay_temple_entry_tees, serial_shops, shop,
          fedhas_altar_4
D:6:      layout_layer_cave, uniq_pikel
D:7:      layout_cave_pools
D:8:      layout_basic, david_nohive_1, uniq_harold
D:9:      layout_irregular_city, st_stairs_6
D:10:     layout_basic
D:11:     layout_loops_cross, erik_lair_orcish_takeover, enter_bailey_6
D:12:     layout_loops_cross, minmay_orc_entry_guard_dogs, serial_shops, shop,
          lightli_wizard_tower
D:13:     layout_basic, minmay_guarded_unrand_skullcrusher, uniq_urug,
          uniq_jorgrun, uniq_erolcha
Temple:   compressed_dpeg_circular_temple
Lair:1:   layout_roguey, ebering_ghost_funeral_grove, hibernation_bobbens,
          grunt_megastairs_2
Lair:2:   layout_cave_pods, infiniplex_staircase_pool
Lair:3:   layout_cave_shapes, basic_altar, chequers_serial_rivers_micro_c,
          uniq_gastronok
Lair:4:   layout_gridlike, minmay_shoals_entry_beasts,
          guppyfry_snake_entry_island, serial_bayou_lagoon_b, lemuel_fruit_tree
Lair:5:   layout_cave_pods, dpeg_slime_entry_corner, lemuel_centaur_altar,
          uniq_nessos
Lair:6:   evilmike_catoblepas_cave, layout_layer_cave,
          gammafunk_ghost_wrathful_warriors, minmay_lair_drake_nest
Orc:1:    layout_caves, uniq_snorg
Orc:2:    grunt_orc_cross, layout_diamond_mine, serial_shops, shop_statue

Skill      XL: |  1  2  3  4  5  6  7  8  9 10 11 12 13 14 |
---------------+-------------------------------------------+-----
Shields        | 3 4 6 7 9 11 12 14 | 14.1
Maces & Flails | 2 3 4 5 6 8 10 11 12 | 12.6
Armour         | 3 4 5 6 7 8 9 |  9.0
Dodging        | 1 2 3 4 5 6 7 |  7.9
Fighting       | 4 5 6 9 10 11 | 11.7
Evocations     | 1 |  1.1
Invocations    | 2 3 |  3.0
Throwing       | |  0.1

Action                   |  1- 3 |  4- 6 |  7- 9 | 10-12 | 13-15 || total
-------------------------+-------+-------+-------+-------+-------++-------
Melee: Flail             |   133 |   193 |   163 |       |       ||   489
       Kick              |       |    13 |    90 |   339 |   403 ||   845
       Whip              |       |       |   212 |   708 |       ||   920
       Demon whip        |       |       |       |   439 |  1067 ||  1506
Throw: Dart              |       |     2 |     1 |       |       ||     3
Invok: Upheaval          |       |       |       |     2 |     3 ||     5
       Elemental Force   |       |       |       |     1 |     1 ||     2
       Disaster Area     |       |       |       |       |     1 ||     1
 Abil: Evoke Flight      |       |     1 |       |     2 |       ||     3
Evoke: Wand              |       |       |     5 |     1 |     1 ||     7
  Use: Scroll            |     4 |       |    12 |    15 |    18 ||    49
       Potion            |       |     1 |       |     3 |     3 ||     7
 Stab: Invisible         |       |       |       |       |     1 ||     1
  Eat: Chunk             |     4 |     5 |    12 |    17 |    16 ||    54
       Ration            |       |       |       |     2 |     2 ||     4
Armor: Scale mail        |    66 |    67 |    82 |   165 |       ||   380
       Plate armour      |       |       |    57 |    11 |       ||    68
       Ring mail         |       |       |       |     6 |   191 ||   197
Dodge: Dodged            |    29 |    48 |    95 |   160 |   224 ||   556
       Deflected         |       |       |       |     6 |     6 ||    12
Block: Kite shield       |    56 |    86 |   194 |   590 |   829 ||  1755
       Reflection        |       |       |       |       |     8 ||     8

Table legend:
 A = Non-vault XP
 B = Vault XP
 C = Vault XP percentage of total XP
 D = Non-vault monster count
 E = Vault monster count
 F = Vault count percentage of total count
                 A         B        C        D         E       F
            +---------+---------+-------+---------+---------+-------
      Total |   64299 |   35454 |  35.5 |     498 |     152 |  23.4
            +---------+---------+-------+---------+---------+-------
        D:1 |      44 |       4 |   8.3 |      21 |       2 |   8.7
        D:2 |      31 |       0 |   0.0 |      13 |       0 |   0.0
        D:3 |      91 |       0 |   0.0 |      17 |       0 |   0.0
        D:4 |     703 |     212 |  23.2 |      31 |       5 |  13.9
        D:5 |     697 |       0 |   0.0 |      25 |       0 |   0.0
        D:6 |     509 |     641 |  55.7 |      13 |       1 |   7.1
        D:7 |    1207 |      61 |   4.8 |      23 |       1 |   4.2
        D:8 |     475 |    2168 |  82.0 |      14 |      16 |  53.3
        D:9 |    4013 |      39 |   1.0 |      34 |       1 |   2.9
       D:10 |    3830 |       0 |   0.0 |      59 |       0 |   0.0
       D:11 |    5081 |    1657 |  24.6 |      41 |      11 |  21.2
       D:12 |    2331 |    1198 |  33.9 |      21 |       5 |  19.2
       D:13 |    6935 |       0 |   0.0 |      12 |       0 |   0.0
     Lair:1 |    3453 |    3116 |  47.4 |      12 |       9 |  42.9
     Lair:2 |    5339 |       0 |   0.0 |      22 |       0 |   0.0
     Lair:3 |    4593 |    2349 |  33.8 |      22 |       1 |   4.3
     Lair:4 |    4511 |     910 |  16.8 |      18 |       3 |  14.3
     Lair:5 |    9073 |    1842 |  16.9 |      25 |       5 |  16.7
     Lair:6 |    7648 |   16519 |  68.4 |      26 |      34 |  56.7
      Orc:1 |    1365 |       0 |   0.0 |      23 |       0 |   0.0
      Orc:2 |    2370 |    3032 |  56.1 |      26 |      19 |  42.2
      Sewer |       0 |     123 | 100.0 |       0 |      12 | 100.0
     Bailey |       0 |    1583 | 100.0 |       0 |      27 | 100.0
            +---------+---------+-------+---------+---------+-------
